 Dungeon Crawl Stone Soup version 0.28.0-53-g5a82cb258f (webtiles) character file.

Game seed: 1490358057390696461

2942 Kranky the Fighter (level 9, -2/68 HPs)
             Began as an Octopode Fighter on June 20, 2022.
             Was an Elder of Okawaru.
             Slain by Harold
             ... wielding a +0 battleaxe
              (13 damage)
             ... on level 7 of the Dungeon.
             The game lasted 00:21:33 (8097 turns).

Kranky the Fighter (Octopode Fighter)               Turns: 8097, Time: 00:21:33

Health: -2/68      AC:  1    Str: 15    XL:     9   Next: 80%
Magic:  18/18      EV: 25    Int: 11    God:    Okawaru [****..]
Gold:   383        SH:  6    Dex: 21    Spells: 8/8 levels left

rFire   . . .      SeeInvis +   F - +2 whip (elec)
rCold   . . .      Faith    .   b - +0 buckler
rNeg    . . .      Spirit   .   (helmet restricted)
rPois   +          Reflect  .   (no amulet)
rElec   .          Harm     .   n - ring of see invisible
rCorr   .          Rampage  .   o - +4 ring of evasion
Will    .....                   p - ring of wizardry
Stlth   ++++......              q - ring of magical power
HPRegen 0.21/turn               s - ring of poison resistance
MPRegen 0.16/turn               y - +6 ring of dexterity
                                C - +4 ring of evasion
                                (no ring)

@: studying Translocations
A: almost no armour, amphibious, 8 rings, camouflage 1, gelatinous body 1,
(nimble swimmer 1), tentacles
a: Renounce Religion, Heroism, Finesse


You were on level 7 of the Dungeon.
You worshipped Okawaru.
Okawaru was greatly pleased with you.
You visited 2 branches of the dungeon, and saw 8 of its levels.

You collected 383 gold pieces.

Inventory:

Hand Weapons
 w - a +2 flail of holy wrath
 F - a +2 whip of electrocution (weapon)
Missiles
 f - a throwing net (quivered)
 t - 10 poisoned darts
 u - 6 javelins
Armour
 b - a +0 buckler (worn)
Jewellery
 g - a ring of fire
 n - a ring of see invisible (left tentacle)
 o - a +4 ring of evasion (right tentacle)
 p - a ring of wizardry (on tentacle)
 q - a ring of magical power (on tentacle)
 s - a ring of poison resistance (on tentacle)
 y - a +6 ring of dexterity (on tentacle)
 A - a ring of ice
 C - a +4 ring of evasion (on tentacle)
 I - a ring of magical power
Wands
 a - a wand of flame (9)
Scrolls
 e - 7 scrolls of identify {unknown}
 i - a scroll of teleportation {unknown}
 j - a scroll of vulnerability {unknown}
 k - 4 scrolls of brand weapon {unknown}
 l - 2 scrolls of enchant armour {unknown}
 m - 3 scrolls of magic mapping {unknown}
 v - 4 scrolls of fear {unknown}
 x - a scroll of noise {unknown}
 B - a scroll of holy word {unknown}
 D - a scroll of enchant weapon {unknown}
 G - a scroll of torment {unknown}
 H - a scroll of fog {unknown}
Potions
 c - a potion of might
 d - 2 potions of haste {unknown}
 h - 2 potions of attraction {unknown}
 r - 2 potions of brilliance {unknown}
 z - 3 potions of mutation {unknown}
 E - a potion of curing {unknown}


   Skills:
 + Level 9.3 Fighting
 + Level 4.2 Maces & Flails
 - Level 6.0 Dodging
 - Level 5.0 Stealth
 + Level 6.6 Shields
 - Level 3.0 Evocations


You had 8 spell levels left.
You didn't know any spells.
Your spell library contained the following spells:

 Spells                   Type           Power      Damage    Failure   Level
 Magic Dart               Conj           0%         1d3       17%         1
 Pain                     Necr           0%         1d4       17%         1
 Shock                    Conj/Air       0%         1d3       17%         1
 Searing Ray              Conj           0%         2d4       26%         2
 Portal Projectile        Hex/Tloc       0%         N/A       45%         3
 Swiftness                Air            0%         N/A       45%         3
 Vampiric Draining        Necr           0%         2d6       45%         3
 Airstrike                Air            0%         N/A       85%         4
 Fulminant Prism          Conj/Hex       0%         3d6       85%         4
 Leda's Liquefaction      Hex/Erth       0%         N/A       85%         4
 Conjure Ball Lightning   Conj/Air       0%         3x3d6     100%        6
 Orb of Destruction       Conj           0%         9d5       100%        7
 Discord                  Hex            0%         N/A       100%        8
 Disjunction              Tloc           0%         N/A       100%        8
 Animate Skeleton         Necr           Unusable   N/A       N/A         1
 Call Canine Familiar     Summ           Unusable   N/A       N/A         3
 Summon Guardian Golem    Hex/Summ       Unusable   N/A       N/A         3
 Spellforged Servitor     Conj/Summ      Unusable   N/A       N/A         7

Dungeon Overview and Level Annotations

Branches:
Dungeon (7/15)             Temple (1/1) D:4

Altars:
Ashenzari
Cheibriados
Dithmenos
Elyvilon
Fedhas
Gozag
Hepliaklqana
Kikubaaqudgha
Makhleb
Nemelex Xobeh
Okawaru
Qazlal
Ru
Sif Muna
Trog
Uskayaw
Vehumet
Wu Jian
Xom
Yredelemnul
Zin
The Shining One

Shops:
D:5 *

Annotations:
D:4 1 runed translucent door, Gus979's ghost, amateur DrNe
D:7 3 runed translucent doors, Harold; Valamore's ghost, novice GrFi


Innate Abilities, Weirdness & Mutations

You cannot wear most types of armour.
You are amphibious.
You can wear up to eight rings at the same time.
Your skin changes colour to match your surroundings (Stealth+).
Your rubbery body absorbs attacks. (AC +1, EV +1)
((You are camouflaged when in or above water. (Stealth+)))
You have tentacles for arms and can constrict up to eight enemies at once.


Message History

Harold is moderately wounded.
You constrict Harold, but do no damage.
The howler monkey zombie struggles against the net.
Harold grumbles, "Just give up already, I want to go home!"
Harold completely misses you.
You hit Harold but do no damage. You squeeze Harold.
Harold is moderately wounded.
You constrict Harold.
The howler monkey zombie struggles against the net.
The net rips apart, and the howler monkey zombie comes free!
You hit Harold but do no damage.
Harold is moderately wounded.
You constrict Harold, but do no damage. Harold closely misses you.
You completely miss Harold. You squeeze Harold, but do no damage.
Harold is moderately wounded.
You constrict Harold. Harold barely misses you.
You completely miss Harold. You squeeze Harold.
Harold is moderately wounded.
You constrict Harold. Harold hits you with a +0 battleaxe!
* * * LOW HITPOINT WARNING * * *
You hit Harold. Lightning courses through Harold! You squeeze Harold!
Harold is severely wounded.
You constrict Harold.
The howler monkey zombie completely misses you.
Harold completely misses you.
You hit Harold but do no damage.
Harold is severely wounded.
You constrict Harold, but do no damage. The howler monkey zombie misses you.
Harold barely misses you.
You hit Harold.
Harold is severely wounded.
You constrict Harold, but do no damage.
The howler monkey zombie completely misses you.
Harold closely misses you.
You hit Harold but do no damage.
Harold is severely wounded.
You constrict Harold.
The howler monkey zombie completely misses you.
Harold hits you with a +0 battleaxe!
You die...

.###.....# ......##...##
##........# #....##....#
#...#.../..# ####...........
#...........##........###...
#........##...........##....
.........###...)......#.....
.........###................
#.....##........##......
###...@@Z.##....#.......
#...##..####..#........
#..###...# ##.)........
....# ##### #########..
#.!##.. #.. .... ... #.. ...
#.. . ## ..


You could see Harold and a howler monkey zombie.

Vanquished Creatures
  Pikel (D:6)
  Grinder (D:4)
  Edmund (D:4)
  A swamp worm (D:7)
  2 water moccasins (D:7)
  Duvessa (D:7)
  An orc warrior (D:7)
  An ice beast (D:6)
  2 necrophages (D:5)
  2 ogres (D:5)
  2 lemures (D:5)
  A phantom (D:7)
  3 scorpions (D:5)
  A wyvern zombie (D:7)
  A water moccasin skeleton (D:5)
  Dowan (D:7)
  3 electric eels (D:5)
  A centaur zombie (D:7)
  A lava snake (D:7)
  A centaur skeleton (D:4)
  A bullfrog skeleton (D:4)
  An orc priest (D:5)
  4 hounds
  Jessica (D:2)
  2 orc wizards
  5 iguanas
  A hound zombie (D:5)
  2 hound skeletons
  Robin (D:3)
  3 gnolls (D:6)
  3 adders
  A shadow imp (D:5)
  A white imp (D:4)
  An adder skeleton (D:4)
  A worm (D:4)
  2 dart slugs (D:4)
  15 orcs
  6 endoplasms
  4 giant cockroaches
  14 goblins
  7 hobgoblins
  7 jackals
  7 kobolds
  2 quokkas (D:3)
  12 ball pythons
  6 bats
  5 frilled lizards
  6 rats
149 creatures vanquished.

Vanquished Creatures (others)
  4 plants
4 creatures vanquished.

Grand Total: 153 creatures vanquished

Notes
Turn   | Place    | Note
-------+----------+-------------------------------------------
     0 | D:1      | Kranky the Octopode Fighter began the quest for the Orb.
     0 | D:1      | Reached XP level 1. HP: 16/16 MP: 1/1
   315 | D:1      | Reached skill level 1 in Stealth
   597 | D:1      | Reached XP level 2. HP: 21/21 MP: 2/2
  1320 | D:2      | Reached XP level 3. HP: 26/26 MP: 3/3
  1559 | D:2      | Found a faded altar of an unknown god.
  1787 | D:2      | Found a blossoming altar of Fedhas.
  2073 | D:2      | Noticed Jessica
  2078 | D:2      | Killed Jessica
  2079 | D:2      | Reached XP level 4. HP: 30/33 MP: 4/4
  2331 | D:3      | Reached skill level 5 in Stealth
  2677 | D:3      | Reached skill level 4 in Fighting
  2689 | D:3      | Reached XP level 5. HP: 37/37 MP: 5/5
  2987 | D:3      | Found a snail-covered altar of Cheibriados.
  2988 | D:3      | Found a blossoming altar of Fedhas.
  2990 | D:3      | Found a sparkling altar of Nemelex Xobeh.
  2991 | D:3      | Found a bloodstained altar of Trog.
  3195 | D:3      | Noticed Robin
  3200 | D:3      | Killed Robin
  3798 | D:4      | Found a runed translucent door.
  3798 | D:4      | Found a staircase to the Ecumenical Temple.
  3806 | D:4      | Noticed a yak
  3806 | D:4      | Noticed Gus979's ghost (amateur DrNe)
  3813 | Temple   | Entered the Ecumenical Temple
  3957 | Temple   | Became a worshipper of Warmaster Okawaru
  4017 | D:4      | Noticed Grinder
  4051 | D:4      | Killed Grinder
  4051 | D:4      | Reached * piety under Okawaru
  4052 | D:4      | Reached skill level 5 in Fighting
  4052 | D:4      | Reached XP level 6. HP: 31/45 MP: 6/6
  4402 | D:4      | Reached XP level 7. HP: 50/50 MP: 7/7
  4404 | D:4      | Found a radiant altar of Vehumet.
  4944 | D:4      | Reached ** piety under Okawaru
  4945 | D:4      | Reached skill level 6 in Fighting
  5241 | D:4      | Noticed Edmund
  5253 | D:4      | Killed Edmund
  5254 | D:4      | Reached skill level 5 in Dodging
  5472 | D:5      | Entered Level 5 of the Dungeon
  5560 | D:5      | Found Doiw's Elemental Accessories.
  5592 | D:5      | Reached XP level 8. HP: 45/58 MP: 8/8
  5800 | D:5      | Reached skill level 7 in Fighting
  5910 | D:5      | Reached *** piety under Okawaru
  6051 | D:5      | Found a basalt altar of Yredelemnul.
  6099 | D:5      | Found a transporter.
  6109 | D:5      | Found a transporter.
  6179 | D:5      | Reached skill level 8 in Fighting
  6641 | D:5      | Reached skill level 1 in Evocations
  6643 | D:5      | Reached skill level 5 in Shields
  7355 | D:6      | Reached XP level 9. HP: 66/66 MP: 9/9
  7355 | D:6      | Noticed Pikel
  7372 | D:6      | Killed Pikel
  7644 | D:7      | Reached **** piety under Okawaru
  7645 | D:7      | Reached skill level 9 in Fighting
  7900 | D:7      | Found a runed translucent gate.
  7900 | D:7      | Noticed Valamore's ghost (novice GrFi)
  7905 | D:7      | Found a runed translucent gate.
  7909 | D:7      | Found a runed translucent gate.
  8037 | D:7      | Noticed Dowan
  8040 | D:7      | Noticed Duvessa
  8053 | D:7      | Killed Dowan
  8080 | D:7      | Noticed Harold
  8081 | D:7      | Killed Duvessa
  8097 | D:7      | Slain by Harold

Illustrated notes

Levels and vault maps discovered:
D:1:      dpeg_arrival_rhombi, layout_basic, serial_forest,
          infiniplex_forest_lined_3, infiniplex_forest_clump_tiny,
          infiniplex_forest_lined_3, infiniplex_forest_straight_2,
          infiniplex_forest_clump_large, infiniplex_forest_lined_4_way,
          infiniplex_forest_end_2
D:2:      layout_basic, basic_ecumenical_altar, basic_altar, uniq_jessica
D:3:      minmay_bubble_buster, layout_loops_ring, mainiacjoe_overflow_alcove_3,
          chequers_arboretum, uniq_robin
D:4:      minmay_evil_eye, layout_gridville, kennysheep_mini_moat,
          minmay_temple_entry_statues_pillars, ebering_ghost_inner_flame,
          minmay_statues_item, minmay_fractal_squares_diagonal_5, uniq_edmund,
          uniq_grinder
D:5:      gammafunk_steamed_eel, layout_cave_pools, lemuel_tele_altar,
          nicolae_elemental_shop, st_stairs_10
D:6:      layout_cave_pools, uniq_pikel
D:7:      minmay_the_grid_triangle_9x9_recursive_2
          [minmay_the_grid_triangle_9x9_prize_center,
          minmay_the_grid_triangle_9x9_wacky_v,
          minmay_the_grid_triangle_9x9_intruding_spiral,
          minmay_the_grid_triangle_9x9_cache], layout_cave_pools,
          gammafunk_ghost_split, hangedman_abyss_or_decor_stagger,
          kennysheep_cross_room, worms_lemuel, uniq_crazy_yiuf_cottage,
          uniq_harold, uniq_joseph, uniq_duvessa
Temple:   nicolae_temple_elliptical

Skill      XL: |  1  2  3  4  5  6  7  8  9 |
---------------+----------------------------+-----
Stealth        | 1 2 4 5 |  5.0
Fighting       | 4 5 6 8 9 |  9.3
Dodging        | 4 5 6 |  6.0
Shields        | 5 6 |  6.6
Evocations     | 2 3 |  3.0
Maces & Flails | 4 |  4.2

Action                   |  1- 3 |  4- 6 |  7- 9 || total
-------------------------+-------+-------+-------++-------
Melee: Flail             |    71 |    82 |   123 ||   276
       Constrict         |    15 |    21 |    44 ||    80
       Tentacles         |    12 |    11 |    51 ||    74
       Punch             |     1 |     1 |     6 ||     8
       Whip              |       |       |    80 ||    80
Evoke: Wand              |       |       |    18 ||    18
 Stab: Sleeping          |    17 |    12 |    11 ||    40
Armor: Skin              |     8 |     5 |     3 ||    16
Dodge: Dodged            |    40 |    52 |   153 ||   245
Block: Buckler           |    17 |     9 |    49 ||    75
